Calgary Flames vs Winnipeg Jets
(R1)
Created - Thursday, May 15, 2025 at 07:39
Goals
|
| Calgary Flames |
0 |
1 |
1 |
2 |
| Winnipeg Jets |
0 |
0 |
4 |
4 |
|
Shots
|
| Calgary Flames |
14 |
12 |
3 |
29 |
| Winnipeg Jets |
8 |
11 |
11 |
30 |
|
1st period
No Goal
Penalties :
Barclay Goodrow (WPG) for Tripping (Minor) at 13:32
2nd period
1. Calgary Flames , Oliver Bjorkstrand 11 (Jake Middleton 5, Bo Horvat 19) at 19:45
Penalties :
Barclay Goodrow (WPG) for Fighting (Major) at 2:09, Bo Horvat (CGY) for Fighting (Major) at 2:09, Dylan Samberg (WPG) for Fighting (Major) at 3:55, J.T. Miller (CGY) for Fighting (Major) at 3:55, Haydn Fleury (WPG) for Tripping (Minor) at 4:24, Jeremy Lauzon (CGY) for Roughing (Minor) at 8:36, Mason Appleton (WPG) for Cross-checking (Minor) at 11:56
3rd period
2. Winnipeg Jets , Adam Lowry 20 (Connor McDavid 54, Olli Maatta 20) at 2:21
3. Calgary Flames , Sebastian Aho 26 (Zach Hyman 28, Joel Eriksson Ek 19) at 8:15
4. Winnipeg Jets , Connor Bedard 37 (Joel Armia 21, Oliver Ekman-Larsson 26) at 10:16
5. Winnipeg Jets , Sean Durzi 3 (Alexis Lafreniere 29) at 11:09
6. Winnipeg Jets , Jason Zucker 13 (Barclay Goodrow 13) at 11:34
Penalties :
Haydn Fleury (WPG) for Hooking (Minor) at 3:13, Matthew Tkachuk (CGY) for Cross-checking (Minor) at 11:57, Barclay Goodrow (WPG) for Slashing (Minor) at 16:41
Goalie Stats
Samuel Montembeault (CGY), 26 saves from 30 shots - (0.867), L, 5-5-0, 60:00 minutes
Ukko-Pekka Luukkonen (WPG), 27 saves from 29 shots - (0.931), W, 24-15-3, 60:00 minutes
Players Stats for Calgary Flames
Player Name G A P +/- PIM S H SB GA TA FO MP PP MP PK MP
------------------------------------------------------------------------------------
Bo Horvat 0 1 1 1 5 3 1 0 0 0 4/10 10:18 0:16 0:00
Cale Makar 0 0 0 -2 0 0 0 1 0 2 0/0 23:12 5:23 1:46
Chris Kreider 0 0 0 -4 0 2 0 1 0 0 2/3 20:40 5:09 1:50
Drew Doughty 0 0 0 -2 0 1 1 3 0 0 0/0 23:12 5:23 1:46
Filip Hronek 0 0 0 2 0 0 1 0 0 1 0/0 13:37 0:00 0:00
J.T. Miller 0 0 0 -4 5 4 3 0 1 0 11/18 19:05 4:11 1:59
Jake Middleton 0 1 1 2 0 0 1 1 0 1 0/0 14:49 0:00 1:12
Jeremy Lauzon 0 0 0 -2 2 0 3 1 0 1 0/0 22:57 4:32 1:00
Joel Eriksson Ek 0 1 1 1 0 1 0 1 0 0 1/2 14:42 0:00 2:05
Kris Letang 0 0 0 -2 0 4 0 2 0 1 0/0 23:11 4:32 2:12
Mathieu Joseph 0 0 0 0 0 0 3 0 0 0 0/0 7:50 0:00 0:00
Matthew Tkachuk 0 0 0 -4 2 4 0 0 0 1 1/2 18:28 5:25 0:00
Nic Dowd 0 0 0 0 0 0 1 0 0 0 2/3 10:49 0:59 0:00
Nicholas Paul 0 0 0 0 0 1 0 0 1 0 1/2 9:20 0:07 0:22
Oliver Bjorkstrand 1 0 1 1 0 3 1 0 0 0 0/0 10:46 0:04 0:00
Pavel Zacha 0 0 0 1 0 1 1 0 0 0 0/1 15:57 4:35 0:03
Sebastian Aho 1 0 1 1 0 4 0 0 0 0 12/21 20:00 4:33 2:05
Zach Hyman 0 1 1 1 0 1 1 0 0 0 1/1 17:33 4:26 0:00
Players Stats for Winnipeg Jets
Player Name G A P +/- PIM S H SB GA TA FO MP PP MP PK MP
------------------------------------------------------------------------------------
Adam Lowry 1 0 1 1 0 2 1 0 1 0 5/8 17:25 2:14 4:52
Alexis Lafreniere 0 1 1 0 0 4 2 0 2 0 0/5 20:50 2:14 4:53
Andre Burakovsky 0 0 0 0 0 1 1 0 1 1 0/4 8:22 0:00 0:00
Barclay Goodrow 0 1 1 1 9 1 2 0 0 0 0/0 10:37 0:02 0:00
Connor Bedard 1 0 1 1 0 4 2 0 0 0 11/22 19:59 1:44 4:44
Connor McDavid 0 1 1 0 0 4 0 0 1 0 10/18 15:23 1:44 0:00
Dylan Samberg 0 0 0 0 5 0 1 1 0 0 0/0 13:12 0:00 0:00
Haydn Fleury 0 0 0 2 4 0 1 0 0 0 0/0 21:02 2:07 2:37
Jason Zucker 1 0 1 1 0 1 2 1 0 0 0/0 12:14 0:00 0:37
Joel Armia 0 1 1 1 0 0 1 0 2 0 0/0 14:25 1:42 0:00
Mason Appleton 0 0 0 1 2 1 0 1 0 0 0/0 12:59 0:00 0:00
Nate Schmidt 0 0 0 0 0 2 1 5 0 0 0/0 23:59 1:51 6:06
Oliver Ekman-Larsson 0 1 1 0 0 1 1 1 0 0 0/0 24:05 1:51 5:11
Olli Maatta 0 1 1 0 0 0 1 3 0 1 0/0 23:07 2:07 4:52
Ridly Greig 0 0 0 0 0 2 1 0 0 0 1/1 8:22 0:00 0:00
Sean Durzi 1 0 1 2 0 3 0 0 0 0 0/0 15:09 0:00 1:04
Taylor Hall 0 0 0 0 0 2 0 0 0 0 0/0 8:22 0:00 0:00
Vladislav Namestnikov 0 0 0 0 0 2 2 0 0 0 1/5 20:26 2:14 4:44
3 Stars
1 - Jason Zucker (WPG)
2 - Sean Durzi (WPG)
3 - Connor Bedard (WPG)
Power Play
Calgary Flames - 0 on 5 Attempt(s) - 0.00%
Winnipeg Jets - 0 on 2 Attempt(s) - 0.00%
Penalty Kill
Calgary Flames - 2 on 2 Attempt(s) - 100.00%
- Score 0 goal in Penalty Kill
Winnipeg Jets - 5 on 5 Attempt(s) - 100.00%
- Score 0 goal in Penalty Kill
Team Stat
Calgary Flames - Hits : 17 - Faceoff Wins : 35 - Blocked Shots : 10 - Penalty Minutes : 14
Winnipeg Jets - Hits : 19 - Faceoff Wins : 28 - Blocked Shots : 12 - Penalty Minutes : 20
Official
Referees : Mitch Dunning and Kendrick Nicholson
Linesman : Bevan Mills and James Tobias
Game Notes
Barclay Goodrow beats up Bo Horvat at 2:09 of 2nd period
J.T. Miller beats up Dylan Samberg at 3:55 of 2nd period
Finance
Level 1 -- Attendance: 5630 (93.83%) -- Ticket Income $517,960
Level 2 -- Attendance: 4708 (94.16%) -- Ticket Income $258,940
Level 3 -- Attendance: 2652 (88.40%) -- Ticket Income $79,560
Level 4 -- Attendance: 4414 (88.28%) -- Ticket Income $97,108
Luxury Box -- Attendance: 962 (96.20%) -- Ticket Income $182,780
Game was played at the MTS Centre.
Total Attendance: 18366 (91.83%)
Total Ticket Income: $1,136,348
Other Income: $397,722
Total Income: $1,534,070
Calgary Flames
5 vs 5 Forward
Center Left Wing Right Wing Time % Phy DF OF
1 J.T. Miller Chris Kreider Matthew Tkachuk 30 0 3 2
2 Sebastian Aho Joel Eriksson Ek Zach Hyman 30 0 3 2
3 Bo Horvat Pavel Zacha Oliver Bjorkstrand 25 0 2 3
4 Nicholas Paul Nic Dowd Mathieu Joseph 15 1 2 2
5 vs 5 Defense
Defense Defense Time % Phy DF OF
1 Drew Doughty Cale Makar 35 0 2 3
2 Kris Letang Jeremy Lauzon 35 0 2 3
3 Filip Hronek Jake Middleton 30 1 2 2
4 Drew Doughty Cale Makar 0 1 2 2
PowerPlay Forward
Center Left Wing Right Wing Time % Phy DF OF
1 J.T. Miller Chris Kreider Matthew Tkachuk 50 1 2 2
2 Sebastian Aho Pavel Zacha Zach Hyman 50 1 2 2
PowerPlay Defense
Defense Defense Time % Phy DF OF
1 Drew Doughty Cale Makar 50 1 2 2
2 Kris Letang Jeremy Lauzon 50 1 2 2
Penalty Kill 4 Players Forward
Center Wing Time % Phy DF OF
1 J.T. Miller Chris Kreider 50 1 2 2
2 Sebastian Aho Joel Eriksson Ek 50 1 2 2
Penalty Kill 4 Players Defense
Defense Defense Time % Phy DF OF
1 Drew Doughty Cale Makar 50 1 2 2
2 Kris Letang Jeremy Lauzon 50 1 2 2
Penalty Kill - 3 Players Forward
Forward Time % Phy DF OF
1 J.T. Miller 50 1 2 2
2 Chris Kreider 50 1 2 2
Penalty Kill - 3 Players Defense
Defense Defense Time % Phy DF OF
1 Drew Doughty Cale Makar 50 1 2 2
2 Kris Letang Jeremy Lauzon 50 1 2 2
4 vs 4 Forward
Center Wing Time % Phy DF OF
1 J.T. Miller Chris Kreider 50 1 2 2
2 Sebastian Aho Joel Eriksson Ek 50 1 2 2
4 vs 4 Defense
Defense Defense Time % Phy DF OF
1 Drew Doughty Cale Makar 50 1 2 2
2 Kris Letang Jeremy Lauzon 50 1 2 2
Last Minutes Offensive
Center Left Wing Right Wing Defense Defense
J.T. Miller Chris Kreider Matthew Tkachuk Drew Doughty Cale Makar
Last Minutes Defensive
Center Left Wing Right Wing Defense Defense
J.T. Miller Chris Kreider Matthew Tkachuk Drew Doughty Cale Makar
Goaltenders
Starting : Samuel Montembeault
Backup : Ilya Sorokin
Extra Forwards
Normal : Nic Dowd, Bo Horvat, Nicholas Paul - PP : Nic Dowd, Bo Horvat - PK : Nicholas Paul
Extra Defensemen
Normal : Filip Hronek, Jake Middleton, Kris Letang - PP : Filip Hronek - PK : Jake Middleton, Kris Letang
Penalty Shots
J.T. Miller, Chris Kreider, Sebastian Aho, Joel Eriksson Ek, Bo Horvat
Scratches
None
Winnipeg Jets
5 vs 5 Forward
Center Left Wing Right Wing Time % Phy DF OF
1 Connor McDavid Alexis Lafreniere Vladislav Namestnikov 30 1 2 2
2 Connor Bedard Joel Armia Mason Appleton 30 1 2 2
3 Adam Lowry Barclay Goodrow Jason Zucker 25 1 2 2
4 Andre Burakovsky Taylor Hall Ridly Greig 15 1 2 2
5 vs 5 Defense
Defense Defense Time % Phy DF OF
1 Oliver Ekman-Larsson Nate Schmidt 35 1 2 2
2 Dylan Samberg Olli Maatta 35 1 2 2
3 Haydn Fleury Sean Durzi 30 1 2 2
4 Oliver Ekman-Larsson Nate Schmidt 0 1 2 2
PowerPlay Forward
Center Left Wing Right Wing Time % Phy DF OF
1 Adam Lowry Alexis Lafreniere Vladislav Namestnikov 50 1 2 2
2 Connor Bedard Joel Armia Connor McDavid 50 1 2 2
PowerPlay Defense
Defense Defense Time % Phy DF OF
1 Oliver Ekman-Larsson Nate Schmidt 50 1 2 2
2 Haydn Fleury Olli Maatta 50 1 2 2
Penalty Kill 4 Players Forward
Center Wing Time % Phy DF OF
1 Vladislav Namestnikov Connor Bedard 50 1 2 2
2 Alexis Lafreniere Adam Lowry 50 1 2 2
Penalty Kill 4 Players Defense
Defense Defense Time % Phy DF OF
1 Oliver Ekman-Larsson Nate Schmidt 50 1 2 2
2 Haydn Fleury Olli Maatta 50 1 2 2
Penalty Kill - 3 Players Forward
Forward Time % Phy DF OF
1 Alexis Lafreniere 50 1 2 2
2 Connor Bedard 50 1 2 2
Penalty Kill - 3 Players Defense
Defense Defense Time % Phy DF OF
1 Oliver Ekman-Larsson Nate Schmidt 50 1 2 2
2 Haydn Fleury Olli Maatta 50 1 2 2
4 vs 4 Forward
Center Wing Time % Phy DF OF
1 Vladislav Namestnikov Connor Bedard 50 1 2 2
2 Alexis Lafreniere Adam Lowry 50 1 2 2
4 vs 4 Defense
Defense Defense Time % Phy DF OF
1 Oliver Ekman-Larsson Nate Schmidt 50 1 2 2
2 Haydn Fleury Olli Maatta 50 1 2 2
Last Minutes Offensive
Center Left Wing Right Wing Defense Defense
Connor McDavid Alexis Lafreniere Vladislav Namestnikov Oliver Ekman-Larsson Nate Schmidt
Last Minutes Defensive
Center Left Wing Right Wing Defense Defense
Connor McDavid Alexis Lafreniere Vladislav Namestnikov Oliver Ekman-Larsson Nate Schmidt
Goaltenders
Starting : Ukko-Pekka Luukkonen
Backup : Yaroslav Askarov
Extra Forwards
Normal : Connor Bedard, Barclay Goodrow, Jason Zucker - PP : Alexis Lafreniere, Barclay Goodrow - PK : Jason Zucker
Extra Defensemen
Normal : Haydn Fleury, Oliver Ekman-Larsson, Nate Schmidt - PP : Haydn Fleury - PK : Nate Schmidt, Oliver Ekman-Larsson
Penalty Shots
Jason Zucker, Connor Bedard, Alexis Lafreniere, Adam Lowry, Vladislav Namestnikov
Scratches
Sam Steel (Healthy), Brayden Pachal (Healthy), Michael Kesselring (Healthy), Martin Jones (Healthy)
% Time on Ice - Calgary Flames
Lines # - Real PCT - Wanted PCT - Time Play
Normal Forward
1 - 32% - 30% - 14:41
2 - 28% - 30% - 13:07
3 - 23% - 25% - 10:29
4 - 17% - 15% - 7:50
Normal Defense
1 - 35% - 35% - 16:03
2 - 36% - 35% - 16:27
3 - 30% - 30% - 13:37
4 - 0% - 0% - 0:00
PP Forward
1 - 56% - 50% - 5:32
2 - 44% - 50% - 4:23
PP Defense
1 - 54% - 50% - 5:23
2 - 46% - 50% - 4:32
PK Forward
1 - 47% - 50% - 1:53
2 - 53% - 50% - 2:05
PK Defense
1 - 45% - 50% - 1:46
2 - 55% - 50% - 2:12
PK3 Forward
1 - 0% - 50%
2 - 0% - 50%
PK3 Defense
1 - 0% - 50%
2 - 0% - 50%
44 Forward
1 - 0% - 50%
2 - 0% - 50%
44 Defense
1 - 0% - 50%
2 - 0% - 50%
Last Minute Offensive - 0:00
Last Minute Defensive - 0:00
Total
Forward - 60:00
Defense - 60:00
|
% Time on Ice - Winnipeg Jets
Lines # - Real PCT - Wanted PCT - Time Play
Normal Forward
1 - 30% - 30% - 13:49
2 - 30% - 30% - 13:39
3 - 22% - 25% - 10:17
4 - 18% - 15% - 8:22
Normal Defense
1 - 34% - 35% - 15:34
2 - 36% - 35% - 16:44
3 - 30% - 30% - 13:49
4 - 0% - 0% - 0:00
PP Forward
1 - 56% - 50% - 2:14
2 - 44% - 50% - 1:44
PP Defense
1 - 47% - 50% - 1:51
2 - 53% - 50% - 2:07
PK Forward
1 - 51% - 50% - 5:02
2 - 49% - 50% - 4:53
PK Defense
1 - 48% - 50% - 4:45
2 - 52% - 50% - 5:10
PK3 Forward
1 - 0% - 50%
2 - 0% - 50%
PK3 Defense
1 - 0% - 50%
2 - 0% - 50%
44 Forward
1 - 0% - 50%
2 - 0% - 50%
44 Defense
1 - 0% - 50%
2 - 0% - 50%
Last Minute Offensive - 0:00
Last Minute Defensive - 0:00
Total
Forward - 60:00
Defense - 60:00
|
Play-by-Play
1st period
0:01 of 1st period - Connor McDavid wins face-off versus J.T. Miller in neutral zone.
0:06 of 1st period - Oliver Ekman-Larsson is hit by J.T. Miller and loses puck.
0:58 of 1st period - Snap shot by Ridly Greig.
0:58 of 1st period - Shot Blocked by Drew Doughty.
2:04 of 1st period - Backhand shot by Connor Bedard.
2:04 of 1st period - Shot Misses the Net.
2:23 of 1st period - Snap shot by Taylor Hall.
2:23 of 1st period - Stopped by Samuel Montembeault with a rebound.
2:41 of 1st period - Wrist shot by Bo Horvat.
2:41 of 1st period - Stopped by Ukko-Pekka Luukkonen with a rebound.
2:51 of 1st period - Snap shot by Jason Zucker.
2:51 of 1st period - Shot Misses the Net.
4:13 of 1st period - Drew Doughty is hit by Jason Zucker.
4:52 of 1st period - Sean Durzi is hit by Drew Doughty and loses puck.
4:59 of 1st period - Drew Doughty is hit by Andre Burakovsky and loses puck.
5:12 of 1st period - Snap shot by Sebastian Aho.
5:12 of 1st period - Stopped by Ukko-Pekka Luukkonen without a rebound.
5:13 of 1st period - Adam Lowry wins face-off versus Sebastian Aho in Winnipeg Jets zone.
6:46 of 1st period - Slapshot by Sean Durzi.
6:46 of 1st period - Stopped by Samuel Montembeault without a rebound.
6:47 of 1st period - Connor McDavid wins face-off versus J.T. Miller in Calgary Flames zone.
7:04 of 1st period - Wrist shot by J.T. Miller.
7:04 of 1st period - Shot Misses the Net.
7:11 of 1st period - Icing by Connor McDavid.
7:12 of 1st period - Connor Bedard wins face-off versus Bo Horvat in Winnipeg Jets zone.
7:23 of 1st period - Slapshot by Pavel Zacha.
7:23 of 1st period - Stopped by Ukko-Pekka Luukkonen without a rebound.
7:24 of 1st period - Bo Horvat wins face-off versus Vladislav Namestnikov in Winnipeg Jets zone.
7:33 of 1st period - Wrist shot by Bo Horvat.
7:33 of 1st period - Stopped by Ukko-Pekka Luukkonen with a rebound.
7:35 of 1st period - Slapshot by Kris Letang.
7:35 of 1st period - Shot Misses the Net.
7:37 of 1st period - Snap shot by Pavel Zacha.
7:37 of 1st period - Shot Blocked by Olli Maatta.
7:39 of 1st period - Snap shot by Jeremy Lauzon.
7:39 of 1st period - Deflect By Bo Horvat.
7:39 of 1st period - Stopped by Ukko-Pekka Luukkonen without a rebound.
7:40 of 1st period - J.T. Miller wins face-off versus Connor Bedard in Winnipeg Jets zone.
7:41 of 1st period - Snap shot by Matthew Tkachuk.
7:41 of 1st period - Deflect By Chris Kreider.
7:41 of 1st period - Shot Misses the Net.
7:41 of 1st period - Puck is out of play.
7:42 of 1st period - J.T. Miller wins face-off versus Connor Bedard in Winnipeg Jets zone.
8:13 of 1st period - Wrist shot by Connor McDavid.
8:13 of 1st period - Stopped by Samuel Montembeault with a rebound.
8:35 of 1st period - Backhand shot by Bo Horvat.
8:35 of 1st period - Shot Blocked by Nate Schmidt.
8:37 of 1st period - Slapshot by Kris Letang.
8:37 of 1st period - Stopped by Ukko-Pekka Luukkonen with a rebound.
8:39 of 1st period - Snap shot by Oliver Bjorkstrand.
8:39 of 1st period - Shot Misses the Net.
8:41 of 1st period - Snap shot by Pavel Zacha.
8:41 of 1st period - Deflect By Oliver Bjorkstrand.
8:41 of 1st period - Stopped by Ukko-Pekka Luukkonen without a rebound.
8:42 of 1st period - J.T. Miller wins face-off versus Connor Bedard in Winnipeg Jets zone.
8:55 of 1st period - Wrist shot by Matthew Tkachuk.
8:55 of 1st period - Shot Blocked by Nate Schmidt.
8:57 of 1st period - Snap shot by J.T. Miller.
8:57 of 1st period - Stopped by Ukko-Pekka Luukkonen without a rebound.
8:58 of 1st period - Connor McDavid wins face-off versus Pavel Zacha in Winnipeg Jets zone.
9:15 of 1st period - Snap shot by Alexis Lafreniere.
9:15 of 1st period - Stopped by Samuel Montembeault with a rebound.
10:01 of 1st period - Wrist shot by Ridly Greig.
10:01 of 1st period - Stopped by Samuel Montembeault with a rebound.
10:14 of 1st period - Connor McDavid is hit by Jeremy Lauzon and loses puck.
10:19 of 1st period - Jeremy Lauzon is hit by Haydn Fleury and loses puck.
10:55 of 1st period - Snap shot by Nicholas Paul.
10:55 of 1st period - Stopped by Ukko-Pekka Luukkonen without a rebound.
10:56 of 1st period - Bo Horvat wins face-off versus Connor Bedard in Winnipeg Jets zone.
11:33 of 1st period - Dylan Samberg is hit by Filip Hronek.
11:42 of 1st period - Off-side.
11:43 of 1st period - Joel Eriksson Ek wins face-off versus Andre Burakovsky in neutral zone.
12:00 of 1st period - Snap shot by Sebastian Aho.
12:00 of 1st period - Stopped by Ukko-Pekka Luukkonen with a rebound.
12:20 of 1st period - Off-side.
12:21 of 1st period - Bo Horvat wins face-off versus Connor McDavid in neutral zone.
12:23 of 1st period - Off-side.
12:24 of 1st period - Connor McDavid wins face-off versus Bo Horvat in neutral zone.
12:35 of 1st period - Snap shot by Alexis Lafreniere.
12:35 of 1st period - Shot Misses the Net.
12:37 of 1st period - Slapshot by Sean Durzi.
12:37 of 1st period - Deflect By Filip Hronek.
12:37 of 1st period - Stopped by Samuel Montembeault without a rebound.
12:38 of 1st period - Connor Bedard wins face-off versus Sebastian Aho in Calgary Flames zone.
13:05 of 1st period - Matthew Tkachuk is hit by Vladislav Namestnikov.
13:15 of 1st period - Snap shot by Alexis Lafreniere.
13:15 of 1st period - Stopped by Samuel Montembeault with a rebound.
13:32 of 1st period - Minor Penalty to Barclay Goodrow for Tripping.
13:33 of 1st period - J.T. Miller wins face-off versus Vladislav Namestnikov in Winnipeg Jets zone.
13:34 of 1st period - Wrist shot by Matthew Tkachuk.
13:34 of 1st period - Stopped by Ukko-Pekka Luukkonen with a rebound.
13:36 of 1st period - Wrist shot by J.T. Miller.
13:36 of 1st period - Stopped by Ukko-Pekka Luukkonen without a rebound.
13:37 of 1st period - J.T. Miller wins face-off versus Connor Bedard in Winnipeg Jets zone.
13:38 of 1st period - Snap shot by Chris Kreider.
13:38 of 1st period - Shot Misses the Net.
13:40 of 1st period - Snap shot by Drew Doughty.
13:40 of 1st period - Deflect By J.T. Miller.
13:40 of 1st period - Shot Blocked by Nate Schmidt.
13:40 of 1st period - Puck is out of play.
13:41 of 1st period - Vladislav Namestnikov wins face-off versus J.T. Miller in Winnipeg Jets zone.
14:32 of 1st period - Off-side.
14:33 of 1st period - Sebastian Aho wins face-off versus Vladislav Namestnikov in neutral zone.
14:36 of 1st period - Vladislav Namestnikov is hit by Jeremy Lauzon and loses puck.
15:32 of 1st period - Penalty to Barclay Goodrow is over, Barclay Goodrow is back on ice.
15:47 of 1st period - Nicholas Paul is hit by Connor Bedard and loses puck.
16:39 of 1st period - Snap shot by Connor McDavid.
16:39 of 1st period - Stopped by Samuel Montembeault with a rebound.
16:55 of 1st period - Wrist shot by Connor McDavid.
16:55 of 1st period - Shot Misses the Net.
17:20 of 1st period - Snap shot by Bo Horvat.
17:20 of 1st period - Deflect By J.T. Miller.
17:20 of 1st period - Stopped by Ukko-Pekka Luukkonen with a rebound.
17:22 of 1st period - Wrist shot by Matthew Tkachuk.
17:22 of 1st period - Shot Blocked by Nate Schmidt.
17:24 of 1st period - Slapshot by Kris Letang.
17:24 of 1st period - Shot Hit the Post.
17:26 of 1st period - Slapshot by Kris Letang.
17:26 of 1st period - Stopped by Ukko-Pekka Luukkonen with a rebound.
17:38 of 1st period - Ridly Greig is hit by Mathieu Joseph and loses puck.
18:54 of 1st period - Pavel Zacha is hit by Nate Schmidt and loses puck.
19:34 of 1st period - Nicholas Paul is hit by Adam Lowry and loses puck.
19:43 of 1st period - Adam Lowry is hit by Mathieu Joseph and loses puck.
19:56 of 1st period - Nicholas Paul is hit by Ridly Greig.
Goals for this period are 0 for Calgary Flames vs 0 for Winnipeg Jets.
Shots for this period are 14 for Calgary Flames vs 8 for Winnipeg Jets.
2nd period
0:01 of 2nd period - Connor Bedard wins face-off versus Matthew Tkachuk in neutral zone.
0:10 of 2nd period - Wrist shot by Connor Bedard.
0:10 of 2nd period - Stopped by Samuel Montembeault with a rebound.
0:57 of 2nd period - Slapshot by Jason Zucker.
0:57 of 2nd period - Shot Misses the Net.
1:09 of 2nd period - Slapshot by Mason Appleton.
1:09 of 2nd period - Shot Misses the Net.
1:11 of 2nd period - Slapshot by Dylan Samberg.
1:11 of 2nd period - Deflect By Connor Bedard.
1:11 of 2nd period - Shot Misses the Net.
1:11 of 2nd period - Puck is out of play.
1:12 of 2nd period - Connor Bedard wins face-off versus J.T. Miller in Calgary Flames zone.
1:26 of 2nd period - Wrist shot by Mason Appleton.
1:26 of 2nd period - Shot Blocked by Chris Kreider.
1:48 of 2nd period - Snap shot by J.T. Miller.
1:48 of 2nd period - Stopped by Ukko-Pekka Luukkonen without a rebound.
1:49 of 2nd period - Connor McDavid wins face-off versus Sebastian Aho in Winnipeg Jets zone.
2:04 of 2nd period - Slapshot by Connor McDavid.
2:04 of 2nd period - Deflect By Vladislav Namestnikov.
2:04 of 2nd period - Shot Blocked by Joel Eriksson Ek.
2:04 of 2nd period - Puck is out of play.
2:05 of 2nd period - Adam Lowry wins face-off versus Bo Horvat in Calgary Flames zone.
2:09 of 2nd period - Barclay Goodrow beats up Bo Horvat.
2:09 of 2nd period - Penalty to Barclay Goodrow for Fighting.
2:09 of 2nd period - Penalty to Bo Horvat for Fighting.
2:10 of 2nd period - Connor McDavid wins face-off versus Joel Eriksson Ek in Calgary Flames zone.
2:11 of 2nd period - Wrist shot by Alexis Lafreniere.
2:11 of 2nd period - Stopped by Samuel Montembeault with a rebound.
2:22 of 2nd period - Slapshot by Cale Makar.
2:22 of 2nd period - Deflect By Joel Eriksson Ek.
2:22 of 2nd period - Shot Misses the Net.
2:22 of 2nd period - Puck is out of play.
2:23 of 2nd period - J.T. Miller wins face-off versus Connor McDavid in Winnipeg Jets zone.
2:32 of 2nd period - Snap shot by Chris Kreider.
2:32 of 2nd period - Shot Misses the Net.
3:16 of 2nd period - Snap shot by Connor Bedard.
3:16 of 2nd period - Stopped by Samuel Montembeault without a rebound.
3:17 of 2nd period - Connor McDavid wins face-off versus Nic Dowd in Calgary Flames zone.
3:34 of 2nd period - Snap shot by Connor McDavid.
3:34 of 2nd period - Shot Misses the Net.
3:42 of 2nd period - Connor McDavid is hit by Nic Dowd and loses puck.
3:47 of 2nd period - Slapshot by Pavel Zacha.
3:47 of 2nd period - Deflect By Oliver Bjorkstrand.
3:47 of 2nd period - Shot Misses the Net.
3:47 of 2nd period - Puck is out of play.
3:48 of 2nd period - Chris Kreider wins face-off versus Connor Bedard in Winnipeg Jets zone.
3:51 of 2nd period - Snap shot by Matthew Tkachuk.
3:51 of 2nd period - Shot Misses the Net.
3:53 of 2nd period - Slapshot by Chris Kreider.
3:53 of 2nd period - Stopped by Ukko-Pekka Luukkonen with a rebound.
3:55 of 2nd period - Snap shot by Chris Kreider.
3:55 of 2nd period - Stopped by Ukko-Pekka Luukkonen without a rebound.
3:55 of 2nd period - J.T. Miller beats up Dylan Samberg.
3:55 of 2nd period - Penalty to Dylan Samberg for Fighting.
3:55 of 2nd period - Penalty to J.T. Miller for Fighting.
3:56 of 2nd period - Sebastian Aho wins face-off versus Connor Bedard in Winnipeg Jets zone.
4:03 of 2nd period - Snap shot by Joel Eriksson Ek.
4:03 of 2nd period - Deflect By Zach Hyman.
4:03 of 2nd period - Shot Blocked by Mason Appleton.
4:03 of 2nd period - Puck is out of play.
4:04 of 2nd period - Sebastian Aho wins face-off versus Connor Bedard in Winnipeg Jets zone.
4:15 of 2nd period - Slapshot by Sebastian Aho.
4:15 of 2nd period - Shot Hit the Post.
4:17 of 2nd period - Snap shot by Joel Eriksson Ek.
4:17 of 2nd period - Shot Misses the Net.
4:19 of 2nd period - Wrist shot by Sebastian Aho.
4:19 of 2nd period - Stopped by Ukko-Pekka Luukkonen without a rebound.
4:20 of 2nd period - Nic Dowd wins face-off versus Adam Lowry in Winnipeg Jets zone.
4:24 of 2nd period - Minor Penalty to Haydn Fleury for Tripping.
4:25 of 2nd period - Zach Hyman wins face-off versus Alexis Lafreniere in Winnipeg Jets zone.
4:39 of 2nd period - Slapshot by Zach Hyman.
4:39 of 2nd period - Stopped by Ukko-Pekka Luukkonen with a rebound.
4:41 of 2nd period - Wrist shot by Pavel Zacha.
4:41 of 2nd period - Shot Blocked by Nate Schmidt.
4:55 of 2nd period - Wrist shot by Matthew Tkachuk.
4:55 of 2nd period - Stopped by Ukko-Pekka Luukkonen with a rebound.
6:24 of 2nd period - Penalty to Haydn Fleury is over, Haydn Fleury is back on ice.
6:50 of 2nd period - Wrist shot by Andre Burakovsky.
6:50 of 2nd period - Stopped by Samuel Montembeault without a rebound.
6:51 of 2nd period - Ridly Greig wins face-off versus Sebastian Aho in Calgary Flames zone.
6:56 of 2nd period - Snap shot by Taylor Hall.
6:56 of 2nd period - Stopped by Samuel Montembeault without a rebound.
6:57 of 2nd period - Sebastian Aho wins face-off versus Andre Burakovsky in Calgary Flames zone.
7:05 of 2nd period - Icing by Ridly Greig.
7:06 of 2nd period - Nic Dowd wins face-off versus Andre Burakovsky in Winnipeg Jets zone.
7:31 of 2nd period - Wrist shot by Bo Horvat.
7:31 of 2nd period - Shot Blocked by Olli Maatta.
7:33 of 2nd period - Slapshot by Kris Letang.
7:33 of 2nd period - Shot Blocked by Olli Maatta.
7:35 of 2nd period - Slapshot by Kris Letang.
7:35 of 2nd period - Stopped by Ukko-Pekka Luukkonen without a rebound.
7:36 of 2nd period - Connor Bedard wins face-off versus Bo Horvat in Winnipeg Jets zone.
7:36 of 2nd period - Connor Bedard is hit by Bo Horvat.
8:02 of 2nd period - Adam Lowry is hit by Zach Hyman and loses puck.
8:07 of 2nd period - Snap shot by Zach Hyman.
8:07 of 2nd period - Shot Misses the Net.
8:13 of 2nd period - Wrist shot by Joel Eriksson Ek.
8:13 of 2nd period - Stopped by Ukko-Pekka Luukkonen with a rebound.
8:29 of 2nd period - Slapshot by Alexis Lafreniere.
8:29 of 2nd period - Stopped by Samuel Montembeault with a rebound.
8:36 of 2nd period - Minor Penalty to Jeremy Lauzon for Roughing.
8:37 of 2nd period - Nicholas Paul wins face-off versus Adam Lowry in Calgary Flames zone.
8:55 of 2nd period - Penalty to J.T. Miller is over, J.T. Miller is back on ice.
9:45 of 2nd period - Snap shot by Alexis Lafreniere.
9:45 of 2nd period - Shot Misses the Net.
9:47 of 2nd period - Slapshot by Vladislav Namestnikov.
9:47 of 2nd period - Stopped by Samuel Montembeault with a rebound.
9:51 of 2nd period - Slapshot by Alexis Lafreniere.
9:51 of 2nd period - Shot Blocked by Jake Middleton.
9:53 of 2nd period - Snap shot by Adam Lowry.
9:53 of 2nd period - Stopped by Samuel Montembeault with a rebound.
9:55 of 2nd period - Slapshot by Vladislav Namestnikov.
9:55 of 2nd period - Stopped by Samuel Montembeault without a rebound.
9:56 of 2nd period - Connor Bedard wins face-off versus Sebastian Aho in Calgary Flames zone.
10:05 of 2nd period - Snap shot by Connor Bedard.
10:05 of 2nd period - Stopped by Samuel Montembeault with a rebound.
10:36 of 2nd period - Penalty to Jeremy Lauzon is over, Jeremy Lauzon is back on ice.
11:11 of 2nd period - Icing by Jeremy Lauzon.
11:12 of 2nd period - Connor Bedard wins face-off versus J.T. Miller in Calgary Flames zone.
11:37 of 2nd period - Icing by Cale Makar.
11:38 of 2nd period - Sebastian Aho wins face-off versus Connor Bedard in Calgary Flames zone.
11:56 of 2nd period - Minor Penalty to Mason Appleton for Cross-checking.
11:57 of 2nd period - Sebastian Aho wins face-off versus Alexis Lafreniere in Winnipeg Jets zone.
13:50 of 2nd period - Jeremy Lauzon is hit by Jason Zucker and loses puck.
13:56 of 2nd period - Penalty to Mason Appleton is over, Mason Appleton is back on ice.
14:03 of 2nd period - Sean Durzi is hit by Jeremy Lauzon and loses puck.
14:14 of 2nd period - Kris Letang is hit by Dylan Samberg and loses puck.
14:52 of 2nd period - Icing by Jake Middleton.
14:53 of 2nd period - J.T. Miller wins face-off versus Adam Lowry in Calgary Flames zone.
15:33 of 2nd period - Wrist shot by Matthew Tkachuk.
15:33 of 2nd period - Stopped by Ukko-Pekka Luukkonen with a rebound.
16:27 of 2nd period - Kris Letang is hit by Alexis Lafreniere and loses puck.
17:10 of 2nd period - Bo Horvat is hit by Barclay Goodrow and loses puck.
17:40 of 2nd period - Snap shot by Mason Appleton.
17:40 of 2nd period - Stopped by Samuel Montembeault without a rebound.
17:41 of 2nd period - Sebastian Aho wins face-off versus Connor McDavid in Calgary Flames zone.
17:52 of 2nd period - Kris Letang is hit by Alexis Lafreniere and loses puck.
18:14 of 2nd period - Slapshot by Matthew Tkachuk.
18:14 of 2nd period - Shot Misses the Net.
18:16 of 2nd period - Wrist shot by Matthew Tkachuk.
18:16 of 2nd period - Stopped by Ukko-Pekka Luukkonen with a rebound.
18:18 of 2nd period - Backhand shot by Drew Doughty.
18:18 of 2nd period - Stopped by Ukko-Pekka Luukkonen without a rebound.
18:19 of 2nd period - Connor Bedard wins face-off versus Chris Kreider in Winnipeg Jets zone.
18:23 of 2nd period - Off-side.
18:24 of 2nd period - Sebastian Aho wins face-off versus Connor Bedard in neutral zone.
18:50 of 2nd period - Off-side.
18:51 of 2nd period - J.T. Miller wins face-off versus Connor McDavid in neutral zone.
19:06 of 2nd period - Backhand shot by Connor McDavid.
19:06 of 2nd period - Shot Blocked by Kris Letang.
19:08 of 2nd period - Wrist shot by Dylan Samberg.
19:08 of 2nd period - Shot Misses the Net.
19:41 of 2nd period - Wrist shot by Oliver Bjorkstrand.
19:41 of 2nd period - Shot Misses the Net.
19:43 of 2nd period - Slapshot by Jake Middleton.
19:43 of 2nd period - Shot Blocked by Jason Zucker.
19:45 of 2nd period - Slapshot by Oliver Bjorkstrand.
19:45 of 2nd period - Goal by Oliver Bjorkstrand - Calgary Flames : 1 - Winnipeg Jets : 0.
19:46 of 2nd period - Connor McDavid wins face-off versus Sebastian Aho in neutral zone.
Goals for this period are 1 for Calgary Flames vs 0 for Winnipeg Jets.
Shots for this period are 12 for Calgary Flames vs 11 for Winnipeg Jets.
3rd period
0:01 of 3rd period - Connor Bedard wins face-off versus Bo Horvat in neutral zone.
1:13 of 3rd period - Snap shot by Nicholas Paul.
1:13 of 3rd period - Shot Misses the Net.
1:21 of 3rd period - Snap shot by Ridly Greig.
1:21 of 3rd period - Shot Blocked by Cale Makar.
1:23 of 3rd period - Wrist shot by Haydn Fleury.
1:23 of 3rd period - Shot Misses the Net.
1:35 of 3rd period - Snap shot by Oliver Bjorkstrand.
1:35 of 3rd period - Stopped by Ukko-Pekka Luukkonen with a rebound.
2:03 of 3rd period - Snap shot by Vladislav Namestnikov.
2:03 of 3rd period - Shot Misses the Net.
2:21 of 3rd period - Snap shot by Adam Lowry.
2:21 of 3rd period - Goal by Adam Lowry - Calgary Flames : 1 - Winnipeg Jets : 1.
2:22 of 3rd period - Sebastian Aho wins face-off versus Connor McDavid in neutral zone.
2:35 of 3rd period - Slapshot by Oliver Ekman-Larsson.
2:35 of 3rd period - Stopped by Samuel Montembeault with a rebound.
2:37 of 3rd period - Slapshot by Nate Schmidt.
2:37 of 3rd period - Deflect By Zach Hyman.
2:37 of 3rd period - Stopped by Samuel Montembeault with a rebound.
2:39 of 3rd period - Backhand shot by Connor McDavid.
2:39 of 3rd period - Stopped by Samuel Montembeault with a rebound.
3:13 of 3rd period - Minor Penalty to Haydn Fleury for Hooking.
3:14 of 3rd period - Sebastian Aho wins face-off versus Alexis Lafreniere in Winnipeg Jets zone.
4:04 of 3rd period - Icing by Sebastian Aho.
4:05 of 3rd period - Sebastian Aho wins face-off versus Alexis Lafreniere in Calgary Flames zone.
5:04 of 3rd period - Sean Durzi is hit by J.T. Miller and loses puck.
5:11 of 3rd period - Slapshot by Cale Makar.
5:11 of 3rd period - Deflect By J.T. Miller.
5:11 of 3rd period - Shot Hit the Post.
5:11 of 3rd period - Puck is out of play.
5:12 of 3rd period - Adam Lowry wins face-off versus Sebastian Aho in Winnipeg Jets zone.
5:13 of 3rd period - Penalty to Haydn Fleury is over, Haydn Fleury is back on ice.
5:19 of 3rd period - Wrist shot by Alexis Lafreniere.
5:19 of 3rd period - Shot Misses the Net.
5:47 of 3rd period - Slapshot by Kris Letang.
5:47 of 3rd period - Shot Misses the Net.
6:27 of 3rd period - Nic Dowd is hit by Olli Maatta and loses puck.
6:38 of 3rd period - Haydn Fleury is hit by Jake Middleton and loses puck.
7:21 of 3rd period - Haydn Fleury is hit by Mathieu Joseph and loses puck.
7:40 of 3rd period - Snap shot by Connor McDavid.
7:40 of 3rd period - Shot Misses the Net.
8:01 of 3rd period - Snap shot by Nate Schmidt.
8:01 of 3rd period - Stopped by Samuel Montembeault without a rebound.
8:02 of 3rd period - Connor Bedard wins face-off versus Sebastian Aho in Calgary Flames zone.
8:11 of 3rd period - Backhand shot by Joel Eriksson Ek.
8:11 of 3rd period - Shot Blocked by Dylan Samberg.
8:15 of 3rd period - Snap shot by Sebastian Aho.
8:15 of 3rd period - Goal by Sebastian Aho - Calgary Flames : 2 - Winnipeg Jets : 1.
8:16 of 3rd period - Matthew Tkachuk wins face-off versus Connor McDavid in neutral zone.
8:43 of 3rd period - Barclay Goodrow is hit by Oliver Bjorkstrand and loses puck.
8:50 of 3rd period - Sean Durzi is hit by Pavel Zacha and loses puck.
9:11 of 3rd period - Backhand shot by Mason Appleton.
9:11 of 3rd period - Shot Misses the Net.
10:07 of 3rd period - Cale Makar is hit by Oliver Ekman-Larsson and loses puck.
10:16 of 3rd period - Slapshot by Joel Armia.
10:16 of 3rd period - Deflect By Connor Bedard.
10:16 of 3rd period - Goal by Connor Bedard - Calgary Flames : 2 - Winnipeg Jets : 2.
10:17 of 3rd period - Chris Kreider wins face-off versus Connor McDavid in neutral zone.
10:30 of 3rd period - Wrist shot by J.T. Miller.
10:30 of 3rd period - Shot Misses the Net.
10:32 of 3rd period - Snap shot by Kris Letang.
10:32 of 3rd period - Shot Blocked by Oliver Ekman-Larsson.
10:34 of 3rd period - Slapshot by Kris Letang.
10:34 of 3rd period - Stopped by Ukko-Pekka Luukkonen without a rebound.
10:35 of 3rd period - Adam Lowry wins face-off versus Sebastian Aho in Winnipeg Jets zone.
10:40 of 3rd period - Wrist shot by Jason Zucker.
10:40 of 3rd period - Shot Misses the Net.
11:09 of 3rd period - Slapshot by Sean Durzi.
11:09 of 3rd period - Goal by Sean Durzi - Calgary Flames : 2 - Winnipeg Jets : 3.
11:10 of 3rd period - Bo Horvat wins face-off versus Connor McDavid in neutral zone.
11:12 of 3rd period - Off-side.
11:13 of 3rd period - Connor McDavid wins face-off versus Bo Horvat in neutral zone.
11:18 of 3rd period - Slapshot by Alexis Lafreniere.
11:18 of 3rd period - Shot Blocked by Jeremy Lauzon.
11:20 of 3rd period - Slapshot by Nate Schmidt.
11:20 of 3rd period - Shot Blocked by Kris Letang.
11:22 of 3rd period - Backhand shot by Oliver Ekman-Larsson.
11:22 of 3rd period - Deflect By Connor McDavid.
11:22 of 3rd period - Stopped by Samuel Montembeault without a rebound.
11:23 of 3rd period - Adam Lowry wins face-off versus J.T. Miller in Calgary Flames zone.
11:32 of 3rd period - Snap shot by Barclay Goodrow.
11:32 of 3rd period - Stopped by Samuel Montembeault with a rebound.
11:34 of 3rd period - Snap shot by Jason Zucker.
11:34 of 3rd period - Goal by Jason Zucker - Calgary Flames : 2 - Winnipeg Jets : 4.
11:35 of 3rd period - J.T. Miller wins face-off versus Vladislav Namestnikov in neutral zone.
11:44 of 3rd period - Connor McDavid is hit by J.T. Miller and loses puck.
11:57 of 3rd period - Minor Penalty to Matthew Tkachuk for Cross-checking.
11:58 of 3rd period - J.T. Miller wins face-off versus Connor Bedard in Calgary Flames zone.
11:58 of 3rd period - J.T. Miller is hit by Joel Armia.
12:10 of 3rd period - Snap shot by Connor McDavid.
12:10 of 3rd period - Shot Misses the Net.
12:12 of 3rd period - Slapshot by Connor Bedard.
12:12 of 3rd period - Shot Misses the Net.
12:14 of 3rd period - Slapshot by Oliver Ekman-Larsson.
12:14 of 3rd period - Shot Misses the Net.
12:33 of 3rd period - Kris Letang is hit by Vladislav Namestnikov and loses puck.
13:57 of 3rd period - Penalty to Matthew Tkachuk is over, Matthew Tkachuk is back on ice.
15:50 of 3rd period - Snap shot by Jason Zucker.
15:50 of 3rd period - Shot Blocked by Drew Doughty.
15:52 of 3rd period - Wrist shot by Joel Armia.
15:52 of 3rd period - Deflect By Jason Zucker.
15:52 of 3rd period - Shot Blocked by Drew Doughty.
15:52 of 3rd period - Puck is out of play.
15:53 of 3rd period - J.T. Miller wins face-off versus Andre Burakovsky in Calgary Flames zone.
16:30 of 3rd period - Off-side.
16:31 of 3rd period - Connor Bedard wins face-off versus Nicholas Paul in neutral zone.
16:41 of 3rd period - Minor Penalty to Barclay Goodrow for Slashing.
16:42 of 3rd period - Sebastian Aho wins face-off versus Alexis Lafreniere in Winnipeg Jets zone.
17:08 of 3rd period - J.T. Miller is hit by Connor Bedard and loses puck.
18:41 of 3rd period - Penalty to Barclay Goodrow is over, Barclay Goodrow is back on ice.
18:45 of 3rd period - Pavel Zacha is hit by Barclay Goodrow.
19:09 of 3rd period - Snap shot by Ridly Greig.
19:09 of 3rd period - Stopped by Samuel Montembeault without a rebound.
19:10 of 3rd period - Connor McDavid wins face-off versus J.T. Miller in Calgary Flames zone.
Goals for this period are 1 for Calgary Flames vs 4 for Winnipeg Jets.
Shots for this period are 3 for Calgary Flames vs 11 for Winnipeg Jets.
Back to the Top